 Dungeon Crawl Stone Soup version 0.20-a0-256-gabb291d (webtiles) character file.

51093 FitzyFitz the Destroyer (level 15, -2/119 HPs)
             Began as a Human Air Elementalist on Nov 30, 2016.
             Was a High Priest of Vehumet.
             Slain by an ettin
             ... wielding a +0 dire flail
              (28 damage)
             ... on level 2 of the Orcish Mines on Dec 1, 2016.
             The game lasted 03:18:37 (39364 turns).

FitzyFitz the Destroyer (Human Air Elementalist)   Turns: 39364, Time: 03:18:37

Health: -2/119     AC: 10    Str:  8    XL:     15   Next: 0%
Magic:  25/37      EV: 15    Int: 22    God:    Vehumet [*****.]
Gold:   1430       SH:  0    Dex: 14    Spells: 2/32 levels left

rFire  + . .     SeeInvis .     a - staff of energy
rCold  + . .     Gourm    .     d - +2 robe {rC+ rF+}
rNeg   . . .     Faith    .     (no shield)
rPois  .         Spirit   .     y - +1 helmet
rElec  .         Reflect  .     f - +0 cloak
rCorr  .         Harm     .     (no gloves)
MR     ++...                    O - +2 pair of boots {run}
Stlth  +++.......               (no amulet)
                                J - ring of protection from magic
                                j - ring of magical power

@: lethally poisoned (-2 -> -4), swift, very slightly contaminated, repel
missiles, very quick
A: no striking features
a: Renounce Religion


You were on level 2 of the Orcish Mines.
You worshipped Vehumet.
Vehumet was extremely pleased with you.
You were not hungry.

You visited 4 branches of the dungeon, and saw 21 of its levels.
You also visited: Labyrinth and Ossuary.

You collected 2067 gold pieces.
You spent 637 gold pieces at shops.

Inventory:

Hand Weapons
 b - the +10 broad axe of Okawaru's Pride {chop, rPois rF+ rC+ rN+}
   (You found it in a labyrinth)

   It inflicts extra damage upon your enemies.
   It protects you from fire.
   It protects you from cold.
   It protects you from poison.
   It protects you from negative energy.
 A - a +2 dagger of pain
Missiles
 r - a throwing net (quivered)
Armour
 d - a +2 robe of resistance (worn)
 f - a +0 cloak (worn)
 y - a +1 helmet (worn)
 O - a +2 pair of boots of running (worn)
Magical Staves
 a - an uncursed staff of energy (weapon)
Jewellery
 e - an uncursed ring of poison resistance
 g - an uncursed ring of see invisible
 j - a ring of magical power (left hand)
 s - an uncursed ring of flight
 J - a ring of protection from magic (right hand)
 X - an uncursed ring of protection from cold
Wands
 F - a wand of confusion (16/48)
 G - a wand of lightning (0/15)
Scrolls
 h - 6 scrolls of teleportation
 l - 3 scrolls of fear
 q - 2 scrolls of blinking
 u - 6 scrolls of identify
 E - 7 scrolls of remove curse
 K - a scroll of magic mapping
 T - 2 scrolls of silence
Potions
 k - 15 potions of curing
 m - 2 potions of invisibility
 n - a potion of lignification
 o - 5 potions of brilliance
 v - 3 potions of resistance
 w - 2 potions of might
 z - 2 potions of berserk rage
 D - a potion of magic
 H - 4 potions of heal wounds
 I - 3 potions of haste
 M - 4 potions of flight
Comestibles
 c - 11 bread rations
 i - 6 beef jerkies
 p - 8 chunks of flesh
 t - 6 meat rations
 x - 9 fruits


   Skills:
 - Level 11.2 Fighting
 + Level 2.8 Armour
 + Level 5.7 Dodging
 - Level 4.3 Stealth
 - Level 9.1 Spellcasting
 - Level 13.2 Conjurations
 - Level 7.3 Charms
 - Level 2.0 Transmutations
 - Level 2.0 Fire Magic
 - Level 3.0 Ice Magic
 - Level 7.7 Air Magic
 - Level 7.8 Poison Magic
 - Level 2.4 Evocations


You had 2 spell levels left.
You knew the following spells:

 Your Spells              Type           Power        Failure   Level  Hunger
a - Shock                 Conj/Air       ####         1%          1    None
b - Static Discharge      Conj/Air       ######..     1%          3    None
c - Repel Missiles        Chrm/Air       #####.       1%          2    None
d - Swiftness             Chrm/Air       #####...     1%          2    None
e - Mephitic Cloud        Conj/Pois/Air  ######..     1%          3    None
f - Conjure Flame         Conj/Fire      #####...     1%          3    None
g - Ignite Poison         Fire/Tmut/Pois ####....     1%          3    None
h - Venom Bolt            Conj/Pois      ######....   1%          5    None
i - Poisonous Cloud       Conj/Pois/Air  ######....   1%          5    None
v - Ozocubu's Armour      Chrm/Ice       ####....     2%          3    None


Dungeon Overview and Level Annotations

Branches:
Dungeon (13/15)            Temple (1/1) D:4            Lair (5/6) D:11
 Shoals (0/4) Lair:4       Spider (0/4) Lair:4        Slime (0/5) Lair:5
    Orc (2/2) D:9          Vaults (0/5) D:13
    Elf: Orc:2

Altars:
Elyvilon
Fedhas
Kikubaaqudgha
Makhleb
Nemelex Xobeh
Okawaru
Sif Muna
Uskayaw
Vehumet
Xom
Yredelemnul
The Shining One
Beogh

Shops:
D:5 [   D:6 [   D:7 ?   Orc:2 (

Annotations:
D:3 msp's ghost, weakling MiGl
D:4 exclusion: statue
D:13 Azrael
Lair:5 shinino's ghost, journeyman MiBe


Message History

You feel sick.
You feel sick.
You feel sick.
You feel sick.
Things that are here:
a scimitar; a plate armour You feel sick.
You feel sick.
There is an open door here.
You feel sick.
Things that are here:
a battleaxe; a chain mail You feel sick.
There is an open door here.
Casting: Venom Bolt
Confirm with . or Enter, or press ? or * to list all spells.
You feel quick.
You feel sick. The ettin hits you with a dire flail!!
* * * LOW HITPOINT WARNING * * *
The ettin hits you with a dire flail!!
You die...

♣.......#...##.....[<...###...###
####......###.....)).....###.##
##........##............# ###
#♣P......................###
≈...♣.................##...# ###
≈≈≈.............############ #..
≈≈≈≈.♣P.........#.....# #####..
≈≈≈≈###.........#)....# #.'.)).
≈≈≈≈≈##^........@).⌠..# #.###..
≈#≈≈#####.......#C)...#####.# #..
≈≈### #...###..#.....#...#.# ###
≈# ############'###...#.# ##
+.........)._.'.#####
##+###)##)#)..###).≈§
#...#.#...#.'..≈≈
#...#.##'##.#..§§
#..∩#.......#####


You could see an ettin.

Vanquished Creatures
  An orc warlord (Orc:1)
  A minotaur (Lab)
  The ghost of Potronius the Severer, a journeyman MiFi of Makhleb (D:12)
  Erica (D:8)
  5 death yaks (Lair:4)
  2 hydras
  2 hill giants
  2 orc knights (Orc:2)
  2 necromancers (D:13)
  2 orc sorcerers
  A deep elf mage (D:13)
  6 ugly things
  A cyclops (D:10)
  2 manticores
  5 elephants (Lair:4)
  Psyche (D:10)
  9 spiny frogs
  A gargoyle (D:11)
  4 kobold demonologists
  A rime drake (Lair:2)
  9 komodo dragons
  A queen bee (Lair:2)
  5 trolls
  3 two-headed ogres
  A raiju (shapeshifter) (D:13)
  7 blink frogs
  A two-headed ogre (shapeshifter) (D:12)
  A meliai zombie (D:13)
  14 hippogriffs
  3 redbacks (Lair:4)
  2 vampires
  A shadow (D:12)
  A wraith (D:12)
  A hungry ghost (D:10)
  7 yaks
  3 hogs (D:7)
  A human (D:7)
  A steam dragon (Lair:2)
  A basilisk (Lair:1)
  A fire elemental (D:13)
  Menkaure (D:4)
  9 wargs
  A soldier ant (D:11)
  An acid dragon (D:11)
  8 porcupines
  12 water moccasins
  A hell hound (D:13)
  27 orc warriors
  2 sky beasts (D:8)
  4 ice beasts
  A black bear (Lair:1)
  An eye of draining (D:11)
  2 phantoms
  12 ogres
  10 wolves
  13 crocodiles
  9 centaurs
  4 big kobolds
  18 bullfrogs
  Blork the orc (D:4)
  A wyvern zombie (D:11)
  2 scorpions
  34 killer bees
  5 wights
  2 electric eels (Lair:4)
  3 howler monkeys
  5 centaur zombies
  7 crimson imps
  5 bullfrog zombies
  4 lava snakes (Lab)
  6 hounds
  7 jellies
  4 centaur skeletons
  23 orc priests
  27 orc wizards
  2 bullfrog skeletons
  An iguana (D:11)
  Natasha (D:4)
  10 worker ants
  2 hound zombies (D:6)
  2 hound skeletons
  8 mummies (Ossuary)
  3 worker ant zombies
  Robin (D:3)
  A gnoll (D:2)
  15 adders
  2 shadow imps
  4 oozes
  2 adder zombies (D:6)
  An adder skeleton (D:9)
  2 worms
  3 dart slugs
  2 leopard geckos
  120 orcs
  7 giant cockroaches
  17 goblins
  10 hobgoblins
  7 jackals
  16 kobolds
  4 quokkas
  12 bats
  11 frilled lizards
  A gnoll zombie (Ossuary)
  2 hobgoblin zombies (Ossuary)
  A kobold zombie (Ossuary)
  5 leopard gecko skeletons
  4 orc zombies (Ossuary)
  A quokka skeleton (D:6)
  A quokka zombie (D:4)
  4 rats
  A rat zombie (D:4)
  2 fungi
  2 plants
676 creatures vanquished.

Vanquished Creatures (others)
  A yak (D:13)
  An adder (D:2)
  5 fungi
  7 plants
  2 withered plants (D:6)
16 creatures vanquished.

Grand Total: 692 creatures vanquished

Notes
Turn   | Place    | Note
-------+----------+-------------------------------------------
     0 | D:1      | FitzyFitz the Human Air Elementalist began the quest for the Orb.
     0 | D:1      | Reached XP level 1. HP: 13/13 MP: 3/3
   317 | D:1      | Reached XP level 2. HP: 12/19 MP: 5/5
  1200 | D:1      | Reached skill level 2 in Conjurations
  1200 | D:1      | Reached XP level 3. HP: 10/24 MP: 6/6
  1878 | D:1      | Learned a level 3 spell: Static Discharge
  1966 | D:2      | Found a glowing golden altar of the Shining One.
  2033 | D:2      | Reached skill level 1 in Fighting
  2185 | D:2      | Reached XP level 4. HP: 30/32 MP: 4/7
  2636 | D:2      | Learned a level 2 spell: Repel Missiles
  3228 | D:3      | Reached XP level 5. HP: 31/37 MP: 8/8
  3287 | D:3      | Noticed msp's ghost (weakling MiGl)
  3742 | D:3      | Found a sparkling altar of Nemelex Xobeh.
  3827 | D:3      | Noticed Robin
  4187 | D:3      | Reached skill level 3 in Conjurations
  4187 | D:3      | Killed Robin
  4268 | D:3      | Found an ancient bone altar of Kikubaaqudgha.
  4340 | D:3      | Learned a level 2 spell: Swiftness
  4352 | D:4      | Noticed Blork the orc
  4394 | D:4      | Reached XP level 6. HP: 31/44 MP: 3/9
  4420 | D:4      | Found a sand-covered staircase.
  4427 | Ossuary  | Entered an ossuary
  4860 | Ossuary  | Reached skill level 5 in Air Magic
  5379 | D:4      | Found a staircase to the Ecumenical Temple.
  5379 | D:4      | Noticed Menkaure
  5440 | D:4      | Found a radiant altar of Vehumet.
  5581 | D:4      | Became a worshipper of Vehumet
  5660 | D:4      | Killed Menkaure
  5660 | D:4      | Reached skill level 4 in Conjurations
  5660 | D:4      | Reached XP level 7. HP: 23/52 MP: 9/10
  5917 | D:4      | Found an iron altar of Okawaru.
  5962 | D:4      | Killed Blork the orc
  6008 | D:4      | Noticed Natasha
  6014 | D:4      | Killed Natasha
  6127 | Temple   | Entered the Ecumenical Temple
  6167 | D:5      | Entered Level 5 of the Dungeon
  6544 | D:5      | Reached XP level 8. HP: 53/60 MP: 1/11
  6793 | D:5      | Learned a level 3 spell: Mephitic Cloud
  6803 | D:5      | Reached skill level 5 in Conjurations
  6803 | D:5      | Reached skill level 1 in Poison Magic
  7036 | D:5      | Found Jodyast's Antique Armour Shop.
  7039 | D:5      | Bought a shimmering leather armour for 196 gold pieces
  7090 | D:5      | Found a hide-covered altar of Uskayaw.
  7090 | D:5      | Noticed a dagger
  7090 | D:5      | Noticed a dagger
  7219 | D:6      | Found Toathaix's Armour Shop.
  8151 | D:6      | Identified the +3 leather armour of the Wheelwright {MR+ Int-5 Dex+3 Stlth+} (You bought it in a shop on level 5 of the Dungeon)
  8325 | D:6      | Reached * piety under Vehumet
  8325 | D:6      | Offered knowledge of Sandblast by Vehumet.
  8427 | D:6      | Reached skill level 6 in Conjurations
  8432 | D:6      | Reached XP level 9. HP: 66/66 MP: 3/12
  8570 | D:6      | Found a deep blue altar of Sif Muna.
  8716 | D:6      | Found a white marble altar of Elyvilon.
  8797 | D:6      | Reached skill level 5 in Fighting
  9247 | D:7      | Found Itwor's Magic Scroll Shop.
  9526 | D:7      | Reached skill level 7 in Conjurations
  9736 | D:7      | Learned a level 3 spell: Conjure Flame
  9947 | D:7      | Reached skill level 1 in Fire Magic
 10497 | D:8      | Noticed a hippogriff
 10536 | D:7      | Reached ** piety under Vehumet
 10536 | D:7      | Reached XP level 10. HP: 68/76 MP: 15/15
 10713 | D:8      | Found a blossoming altar of Fedhas.
 10775 | D:8      | Offered knowledge of Freeze by Vehumet.
 10836 | D:8      | Reached skill level 8 in Conjurations
 11092 | D:8      | Found a sparkling altar of Nemelex Xobeh.
 11163 | D:8      | Noticed Erica
 11188 | D:8      | Killed Erica
 11537 | D:8      | Reached skill level 5 in Spellcasting
 11705 | D:8      | Offered knowledge of Throw Flame by Vehumet.
 12330 | D:9      | Reached skill level 9 in Conjurations
 12430 | D:9      | Reached *** piety under Vehumet
 12804 | D:9      | Reached XP level 11. HP: 86/86 MP: 17/19
 13135 | D:6      | Bought a +0 pair of boots of running for 441 gold pieces
 13217 | D:9      | Found a staircase to the Orcish Mines.
 13559 | D:9      | Noticed a cyan ugly thing
 13891 | D:10     | Entered Level 10 of the Dungeon
 14427 | D:10     | Offered knowledge of Ignite Poison by Vehumet.
 14965 | D:10     | Noticed a cyclops
 15270 | D:10     | Noticed Psyche
 15536 | D:10     | Learned a level 3 spell: Ignite Poison
 15542 | D:10     | Learned a level 5 spell: Venom Bolt
 15626 | D:10     | Reached skill level 10 in Conjurations
 16046 | D:9      | Killed a cyan ugly thing
 16162 | D:10     | Killed a cyclops
 16278 | D:10     | Killed Psyche
 16782 | D:11     | Noticed a manticore
 16964 | D:11     | Reached **** piety under Vehumet
 16995 | D:11     | Noticed a white ugly thing
 16997 | D:11     | Noticed a red ugly thing
 17306 | D:11     | Found a staircase to the Lair.
 17344 | D:11     | Killed a brown ugly thing
 17344 | D:11     | Offered knowledge of Fulminant Prism by Vehumet.
 17614 | Lair:1   | Entered Level 1 of the Lair of Beasts
 17781 | D:10     | Killed a red ugly thing
 17781 | D:10     | Reached XP level 12. HP: 73/97 MP: 3/21
 17984 | D:11     | Reached skill level 1 in Evocations
 17988 | D:11     | Reached skill level 10 in Fighting
 18567 | Lair:1   | Noticed a six-headed hydra
 18604 | Lair:1   | Killed a six-headed hydra
 18604 | Lair:1   | Reached skill level 1 in Transmutations
 19405 | Lair:1   | Reached skill level 11 in Conjurations
 19405 | Lair:1   | Reached skill level 1 in Charms
 21566 | Lair:2   | Got a bloodstained ring mail
 22640 | Lair:2   | Reached XP level 13. HP: 106/106 MP: 11/22
 23087 | Lair:3   | Reached skill level 5 in Dodging
 23242 | Lair:3   | Reached skill level 12 in Conjurations
 23358 | Lair:3   | Reached ***** piety under Vehumet
 23480 | Lair:3   | Offered knowledge of Poisonous Cloud by Vehumet.
 23769 | Lair:3   | Noticed a four-headed hydra
 23778 | Lair:3   | Killed a four-headed hydra
 25135 | Lair:3   | Learned a level 5 spell: Poisonous Cloud
 25136 | Lair:3   | Identified the cursed +1 ring mail of the Nexus {rPois Str-5 Slay-4 Stlth+} (You found it on level 2 of the Lair of Beasts)
 25914 | Lair:4   | Found a staircase to the Shoals.
 25920 | Lair:4   | Found a hole to the Spider Nest.
 26163 | Lair:3   | Learned a level 3 spell: Ozocubu's Armour
 26292 | Lair:4   | Reached skill level 1 in Ice Magic
 26555 | Lair:4   | Got a faintly glowing whip
 26558 | Lair:4   | Identified the cursed +0 whip of Magnificence {slash, rC+} (You found it on level 4 of the Lair of Beasts)
 28109 | Lair:5   | Noticed shinino's ghost (journeyman MiBe)
 28238 | Lair:5   | Found a staircase to the Slime Pits.
 28913 | Orc:1    | Entered Level 1 of the Orcish Mines
 28931 | Orc:1    | Noticed an orc warlord
 29550 | Lair:4   | Reached skill level 5 in Poison Magic
 29784 | Lair:4   | Reached XP level 14. HP: 113/113 MP: 23/27
 30725 | D:11     | Reached skill level 5 in Charms
 31491 | D:12     | Found a labyrinth entrance.
 31500 | Lab      | Entered a labyrinth
 33039 | Lab      | Got an ebony spear
 33039 | Lab      | Got a translucent broad axe
 33101 | D:11     | Identified the cursed +1 spear "Macs" {vamp, rElec rPois MR+} (You found it in a labyrinth)
 33102 | D:11     | Identified the +10 broad axe of Okawaru's Pride {chop, rPois rF+ rC+ rN+} (You found it in a labyrinth)
 33518 | D:12     | Got a polished plate armour
 33630 | D:12     | Noticed Potronius's ghost (journeyman MiFi)
 33677 | D:12     | Killed Potronius's ghost
 33721 | D:12     | Offered knowledge of Force Lance by Vehumet.
 35076 | D:13     | Found a shimmering altar of Xom.
 35077 | D:13     | Found a shimmering altar of Xom.
 35078 | D:13     | Found a shimmering altar of Xom.
 35093 | D:13     | Found a shimmering altar of Xom.
 35093 | D:13     | Found a shimmering altar of Xom.
 35094 | D:13     | Found a shimmering altar of Xom.
 35453 | D:13     | Noticed Azrael
 35831 | D:13     | Reached skill level 13 in Conjurations
 36197 | D:13     | Found a gate to the Vaults.
 36676 | Lair:1   | Upgraded the game from 0.20-a0-251-g16a58bf to 0.20-a0-256-gabb291d
 36762 | Orc:1    | Killed an orc warlord
 37059 | Orc:2    | Entered Level 2 of the Orcish Mines
 37886 | Orc:2    | Offered knowledge of Poison Arrow by Vehumet.
 38090 | Orc:1    | Reached skill level 1 in Armour
 38983 | Orc:2    | Found a roughly hewn altar of Beogh.
 39104 | Orc:2    | Found Yrasa's Weapon Boutique.
 39255 | Orc:2    | Reached XP level 15. HP: 95/119 MP: 20/28
 39364 | Orc:2    | Slain by an ettin

Vault maps used:
D:1:      lemuel_arrival_room
D:2:      lemuel_doored_altar, first_bread
D:3:      nicolae_overflow_crystal_walls, minmay_misc_feat_square,
          nemelex_diamond_rough_becter, uniq_robin
D:4:      vehumet_statue, okawaru_gym_becter, enter_ossuary_4, uniq_menkaure,
          uniq_natasha, uniq_blork_the_orc
D:5:      dancing_weapons_uskayaw, serial_shops, kennysheep_mini
D:6:      marbit_many_paths, nicolae_overflow_hidden_temple, serial_undead,
          serial_undead_c, serial_undead_a, serial_undead_c, serial_undead_c,
          serial_undead_e, serial_undead_c, serial_shops, shop
D:7:      serial_shops, shop_scrolls, grunt_livestock, nicolae_zen_rock_garden
D:8:      nemelex_xobeh_ov_fountains_minmay, lemuel_coloured_pillars_altar,
          st_stairs_10, uniq_erica
D:9:      orc_0_dummy
D:10:     uniq_psyche
D:11:     minmay_imperfect_grid, erik_lair_orcish_takeover, serial_glass,
          glass_columns_c, glass_columns_b, grunt_decor_clamped
D:12:     lab_entry_generic
D:13:     david_vaults_1, xom_redecorated, uniq_azrael, uniq_maurice
Temple:   nicolae_temple_hex_pool
Lair:2:   st_stairs_13, cheibrodos_lair_caveside_slide, zaba_anthole,
          infiniplex_staircase_pool, serial_bayou_shore_b
Lair:3:   grunt_megastairs_1
Lair:4:   minmay_shoals_entry_beasts, spider_nest_entry_webs,
          serial_bayou_shore_b, serial_bayou_shore_b, serial_bayou_shore_b,
          serial_bayou_shore_a
Lair:5:   nicolae_slime_entry_slimehenge, nicolae_quartered_pool_medium,
          patterned_corridor
Orc:2:    pubby_orc_utopia
Lab:      labyrinth_lava_lair, nicolae_lab_stuck
Ossuary:  ossuary_tomb_3

Skill      XL: |  1  2  3  4  5  6  7  8  9 10 11 12 13 14 |
---------------+-------------------------------------------+-----
Conjurations   | 2 3 4 6 7 9 10 11 12 13 | 13.2
Fighting       | 1 2 3 4 6 8 9 11 | 11.2
Air Magic      | 4 5 7 |  7.7
Poison Magic   | 2 3 4 5 7 |  7.8
Spellcasting   | 3 5 6 9 |  9.1
Fire Magic     | 1 2 |  2.0
Dodging        | 3 4 5 |  5.7
Stealth        | 3 4 |  4.3
Evocations     | 2 |  2.4
Transmutations | 1 2 |  2.0
Charms         | 2 4 7 |  7.3
Ice Magic      | 2 3 |  3.0
Armour         | 2 |  2.8

Action                   |  1- 3 |  4- 6 |  7- 9 | 10-12 | 13-15 || total
-------------------------+-------+-------+-------+-------+-------++-------
Melee: Dagger            |    47 |       |       |    15 |     6 ||    68
       Unarmed           |     3 |       |       |       |       ||     3
       Whip              |    19 |    13 |       |       |       ||    32
       Quarterstaff      |       |    38 |   114 |    21 |       ||   173
       Short sword       |       |    31 |       |       |       ||    31
       Staff             |       |       |       |   108 |    64 ||   172
       Broad axe         |       |       |       |       |    61 ||    61
 Fire: Blowgun           |       |       |       |    10 |       ||    10
Throw: Tomahawk          |       |       |     6 |     6 |     3 ||    15
 Cast: Shock             |    45 |   163 |   154 |   431 |   173 ||   966
       Static Discharge  |     1 |    14 |    37 |   154 |   289 ||   495
       Repel Missiles    |       |     1 |     1 |     2 |     2 ||     6
       Mephitic Cloud    |       |       |     5 |    30 |    15 ||    50
       Conjure Flame     |       |       |     2 |    36 |    15 ||    53
       Swiftness         |       |       |       |     8 |     5 ||    13
       Venom Bolt        |       |       |       |    30 |    58 ||    88
       Ignite Poison     |       |       |       |     7 |    19 ||    26
       Poisonous Cloud   |       |       |       |       |    39 ||    39
       Ozocubu's Armour  |       |       |       |       |    15 ||    15
Evoke: Staff of energy   |       |       |       |     8 |     1 ||     9
       Wand              |       |       |       |       |     8 ||     8
  Use: Scroll            |     1 |     1 |    10 |    21 |    14 ||    47
       Potion            |       |       |       |     2 |     6 ||     8
 Stab: Sleeping          |     4 |     1 |       |     1 |     1 ||     7
       Confused          |       |       |       |     1 |     1 ||     2
       Distracted        |       |       |       |       |     1 ||     1
  Eat: Chunk             |     5 |    11 |    18 |    19 |    18 ||    71
       Fruit             |       |     1 |     1 |       |       ||     2
       Meat ration       |       |     1 |       |     1 |     3 ||     5
       Pizza             |       |       |     2 |     8 |     1 ||    11
       Royal jelly       |       |       |       |     1 |     9 ||    10
Armor: Robe              |    16 |    34 |       |    86 |   130 ||   266
       Animal skin       |       |     4 |    49 |    33 |       ||    86
Dodge: Dodged            |    64 |    93 |   113 |   199 |   339 ||   808
       Deflected         |       |     3 |     1 |     7 |     9 ||    20
